[Event "ICC tourney 2161 (75 10)"]
[Site "Internet Chess Club"]
[Date "2020.11.27"]
[Round "2"]
[White "chessmaster0981"]
[Black "rachael1120"]
[Result "1-0"]
[ICCResult "Black checkmated"]
[WhiteElo "1579"]
[BlackElo "1683"]
[Opening "Queen's pawn game, Rubinstein (Colle-Zukertort) variation"]
[ECO "D05"]
[NIC "QP.06"]
[Time "14:46:36"]
[PlyCount "59"]
[TimeControl "4500+10"]


1. d4 Nf6 2. Nf3 e6 3. e3 d5 4. Bd3 c5 5. b3 Nc6 6. Bb2 Be7 7. Nbd2 O-O 8.
a3 cxd4 9. exd4 Bd6 10. Ne5 Qc7 11. f4 Nd7 12. O-O Ndxe5 13. dxe5 Bc5+ 14.
Kh1 Qd8 15. Rf3 g6 16. Rh3 d4 17. Ne4 Be7 18. a4 f6 19. exf6 Bxf6 20. Ba3
Ne7 21. Qe1 Rf7 22. Nxf6+ Rxf6 23. Qh4 Rf7 24. Bxg6 Rg7 25. Bxh7+ Kf8 26.
Qf6+ Ke8 27. Qxg7 Qc7 28. Bg6+ Kd8 29. Qf8+ Kd7 30. Qe8# { Black checkmated
} 1-0

[Event "ICC tourney 2161 (75 10)"]
[Site "Internet Chess Club"]
[Date "2020.11.27"]
[Round "2"]
[White "smartgoldfish"]
[Black "Purushottam123"]
[Result "0-1"]
[ICCResult "White checkmated"]
[WhiteElo "1202"]
[BlackElo "1572"]
[Opening "Sicilian defense"]
[ECO "B40"]
[NIC "SI.43"]
[Time "14:47:03"]
[PlyCount "112"]
[TimeControl "4500+10"]


1. e4 c5 2. Nf3 e6 3. g3 d5 4. exd5 exd5 5. Bg2 Qe7+ 6. Qe2 Qxe2+ 7. Kxe2
Nc6 8. Re1 Nf6 9. Kf1+ Be7 10. d3 O-O 11. Nc3 Be6 12. Ng5 Nd4 13. Rb1 Rae8
14. Nxe6 fxe6 15. Bh3 Bd6 16. Bd2 Nxc2 17. Rxe6 Be5 18. Rxe8 Rxe8 19. Rc1
Nb4 20. Be3 d4 21. Ne4 Nxe4 22. dxe4 dxe3 23. fxe3 b6 24. a3 Bxb2 25. Rb1
Bxa3 26. Ra1 Bb2 27. Rxa7 g6 28. Bg2 c4 29. Ra4 c3 30. Rxb4 c2 31. Rc4
c1=Q+ 32. Rxc1 Bxc1 33. Ke2 b5 34. Kd1 Rc8 35. e5 Bxe3 36. Bd5+ Kg7 37. e6
Bg5 38. h4 Be7 39. Bb3 b4 40. Bc2 Rc3 41. Kd2 Rxg3 42. Bd3 b3 43. Kc3 b2
44. Kxb2 Rxd3 45. Kc2 Rd8 46. Kc3 Bxh4 47. Kc4 Be7 48. Kc3 h5 49. Kc4 h4
50. Kb5 h3 51. Kc6 h2 52. Kc7 h1=Q 53. Kb6 Rd6+ 54. Kc5 Qc6+ 55. Kb4 Rd3+
56. Ka5 Ra3# { White checkmated } 0-1

[Event "ICC tourney 2161 (75 10)"]
[Site "Internet Chess Club"]
[Date "2020.11.27"]
[Round "2"]
[White "atjn494"]
[Black "rcww2020"]
[Result "0-1"]
[ICCResult "White resigns"]
[WhiteElo "1568"]
[BlackElo "1658"]
[Opening "Semi-Benoni (`blockade variation')"]
[ECO "A44"]
[NIC "OI.09"]
[Time "14:46:25"]
[PlyCount "64"]
[TimeControl "4500+10"]


1. d4 c5 2. d5 e5 3. e4 d6 4. Nf3 Ne7 5. Be2 g6 6. O-O Bg7 7. Nc3 O-O 8.
Bg5 h6 9. Be3 f5 10. Qd2 f4 11. Bxc5 dxc5 12. d6 Nec6 13. Qd5+ Kh7 14. Qxc5
Nd7 15. Qd5 Nf6 16. Qc5 Re8 17. Rad1 Qb6 18. Qa3 Bg4 19. Kh1 Bxf3 20. gxf3
Nd4 21. Rg1 Nxe2 22. Nxe2 Qxf2 23. Rg2 Qe3 24. d7 Red8 25. Qb4 Qxf3 26. Nc3
Ng4 27. Qc5 Ne3 28. Rg1 Rxd7 29. Qb5 Rd2 30. Ne2 Nxg2 31. Rxg2 Qf1+ 32. Rg1
Qxe2 { White resigns } 0-1

[Event "ICC tourney 2161 (75 10)"]
[Site "Internet Chess Club"]
[Date "2020.11.27"]
[Round "2"]
[White "RockyWang"]
[Black "AwarePiece"]
[Result "0-1"]
[ICCResult "White checkmated"]
[WhiteElo "1062"]
[BlackElo "1779"]
[Opening "Ruy Lopez: Anderssen variation"]
[ECO "C77"]
[NIC "RL.12"]
[Time "14:46:46"]
[PlyCount "140"]
[TimeControl "4500+10"]


1. e4 e5 2. Nf3 Nc6 3. Bb5 a6 4. Ba4 Nf6 5. d3 h6 6. a3 b5 7. Bb3 Bc5 8.
Nc3 d6 9. h3 O-O 10. O-O Qe7 11. Nd5 Nxd5 12. Bxd5 Bd7 13. Be3 Bxe3 14.
fxe3 Rac8 15. Qe1 Nb8 16. Bb7 Rcd8 17. Qa5 Bc8 18. Bxc8 Rxc8 19. Qd2 c5 20.
Qf2 Nc6 21. Nh4 Kh7 22. Nf5 Qe6 23. Qg3 g6 24. Nh4 c4 25. Rf2 cxd3 26. cxd3
Ne7 27. Raf1 f5 28. Nxg6 Qxg6 29. Qxg6+ Kxg6 30. exf5+ Rxf5 31. e4 Rxf2 32.
Rxf2 Rc1+ 33. Rf1 Rxf1+ 34. Kxf1 Kf6 35. Kf2 Ng6 36. g3 h5 37. h4 Ne7 38.
Kf3 Ng8 39. g4 hxg4+ 40. Kxg4 Nh6+ 41. Kh5 Nf7 42. b4 Nd8 43. Kg4 Ne6 44.
Kf3 Nf4 45. d4 Ne6 46. dxe5+ dxe5 47. Ke3 Nd4 48. Kd3 Nf3 49. h5 Kg5 50.
Ke3 Nd4 51. Kd3 Kxh5 52. Kc3 Kg4 53. Kd3 Kf3 54. Kc3 Kxe4 55. Kd2 Kf3 56.
Ke1 e4 57. Kd2 e3+ 58. Kd1 e2+ 59. Ke1 Nc2+ 60. Kd2 e1=Q+ 61. Kxc2 Ke3 62.
Kb3 Qd1+ 63. Kb2 Qd2+ 64. Kb3 Qd5+ 65. Kb2 Qd3 66. Ka2 Qc2+ 67. Ka1 Qd2 68.
Kb1 Kd3 69. Ka1 Kc3 70. Kb1 Qb2# { White checkmated } 0-1

[Event "ICC tourney 2161 (75 10)"]
[Site "Internet Chess Club"]
[Date "2020.11.27"]
[Round "2"]
[White "Han366"]
[Black "Dhruti813kob36"]
[Result "1/2-1/2"]
[ICCResult "Game drawn by mutual agreement"]
[WhiteElo "1700"]
[BlackElo "1427"]
[Opening "QGD: exchange, positional line"]
[ECO "D35"]
[NIC "QO.16"]
[Time "14:46:45"]
[PlyCount "30"]
[TimeControl "4500+10"]


1. d4 d5 2. c4 e6 3. Nc3 Nf6 4. cxd5 exd5 5. Bg5 Be7 6. e3 O-O 7. Bd3 b6 8.
Nge2 Bb7 9. O-O c5 10. Rc1 Nc6 11. Bb1 cxd4 12. Nxd4 h6 13. Bh4 Nxd4 14.
Qxd4 Rc8 15. Rfd1 Rc4 { Game drawn by mutual agreement } 1/2-1/2

[Event "ICC tourney 2161 (75 10)"]
[Site "Internet Chess Club"]
[Date "2020.11.27"]
[Round "2"]
[White "Deveshc"]
[Black "JonesGill"]
[Result "1-0"]
[ICCResult "Black checkmated"]
[WhiteElo "1480"]
[BlackElo "1228"]
[Opening "Sicilian: Smith-Morra gambit"]
[ECO "B21"]
[NIC "SI.48"]
[Time "14:46:21"]
[PlyCount "111"]
[TimeControl "4500+10"]


1. e4 c5 2. d4 cxd4 3. c3 d5 4. exd5 Qxd5 5. cxd4 Nc6 6. Be3 Bf5 7. Nc3 Qa5
8. d5 Rd8 9. Qf3 Bd7 10. dxc6 Bxc6 11. Qe2 Nf6 12. Nf3 e6 13. Nd4 Be4 14.
Qb5+ Qxb5 15. Bxb5+ Ke7 16. f3 Bg6 17. Nb3 Nd7 18. Bxd7 Rxd7 19. Bxa7 Ke8
20. O-O Bb4 21. Rfd1 b6 22. Bxb6 Bxc3 23. bxc3 Rxd1+ 24. Rxd1 Ke7 25. c4
Rc8 26. c5 f6 27. Rc1 Be8 28. Na5 e5 29. Nc4 Bc6 30. Na5 Be8 31. c6 Bxc6
32. Nxc6+ Kd6 33. Bc5+ Kxc6 34. Bf8+ Kb7 35. Rxc8 Kxc8 36. Bxg7 Kd7 37.
Bxf6 Ke6 38. Bg5 Kd5 39. Kf2 e4 40. fxe4+ Kxe4 41. a4 Kd5 42. a5 Kc6 43.
Bd2 Kb5 44. Kg3 h5 45. Kh4 Kc4 46. Kxh5 Kb5 47. g4 Ka6 48. g5 Kb5 49. g6
Ka6 50. g7 Ka7 51. g8=Q Ka6 52. Qa8+ Kb5 53. Qb7+ Ka4 54. a6 Ka3 55. a7 Ka2
56. a8=R# { Black checkmated } 1-0

[Event "ICC tourney 2161 (75 10)"]
[Site "Internet Chess Club"]
[Date "2020.11.27"]
[Round "2"]
[White "Mapking1"]
[Black "charismaticl33"]
[Result "1-0"]
[ICCResult "Black resigns"]
[WhiteElo "1799"]
[BlackElo "1625"]
[Opening "Sicilian: dragon, Yugoslav attack, 10.O-O-O"]
[ECO "B78"]
[NIC "SI.18"]
[Time "14:46:48"]
[PlyCount "43"]
[TimeControl "4500+10"]


1. e4 c5 2. Nf3 d6 3. d4 cxd4 4. Nxd4 Nf6 5. Nc3 g6 6. Be3 Bg7 7. f3 Nc6 8.
Qd2 O-O 9. Bc4 Bd7 10. O-O-O Ne5 11. Bb3 Qa5 12. Kb1 Rfc8 13. h4 h5 14. g4
Nc4 15. Bxc4 Rxc4 16. gxh5 Qxh5 17. Rdg1 Rxd4 18. Bxd4 Qxf3 19. h5 e5 20.
Be3 Rc8 21. hxg6 Nxe4 22. gxf7+ { Black resigns } 1-0

[Event "ICC tourney 2161 (75 10)"]
[Site "Internet Chess Club"]
[Date "2020.11.27"]
[Round "2"]
[White "ZYCON"]
[Black "KyleZhuang"]
[Result "0-1"]
[ICCResult "White resigns"]
[WhiteElo "1400"]
[BlackElo "1629"]
[Opening "King's Indian: Petrosian system"]
[ECO "E92"]
[NIC "KI.17"]
[Time "14:46:36"]
[PlyCount "64"]
[TimeControl "4500+10"]


1. d4 Nf6 2. c4 g6 3. Nc3 Bg7 4. e4 d6 5. Nf3 O-O 6. Be2 e5 7. d5 Na6 8.
O-O Nc5 9. Bd3 a5 10. Be3 Nfd7 11. Na4 Nxd3 12. Qxd3 f5 13. Bg5 Nf6 14. Nd2
h6 15. Bxf6 Bxf6 16. f4 exf4 17. Rxf4 g5 18. Rf2 f4 19. Nf3 Bg7 20. Rb1 g4
21. Nd2 Qg5 22. Nf1 Be5 23. g3 h5 24. Nc3 h4 25. Ne2 f3 26. Nd4 hxg3 27.
hxg3 Kg7 28. Rh2 Bd7 29. Kf2 Rh8 30. Nc2 Rxh2+ 31. Nxh2 Bxg3+ 32. Kf1 Bxh2
{ White resigns } 0-1

[Event "ICC tourney 2161 (75 10)"]
[Site "Internet Chess Club"]
[Date "2020.11.27"]
[Round "2"]
[White "Jeffchess"]
[Black "flyingfred"]
[Result "0-1"]
[ICCResult "White checkmated"]
[WhiteElo "1236"]
[BlackElo "1495"]
[Opening "French: Marshall variation"]
[ECO "C10"]
[NIC "FR.04"]
[Time "14:46:25"]
[PlyCount "90"]
[TimeControl "4500+10"]


1. e4 e6 2. d4 d5 3. Nc3 c5 4. Be3 Nf6 5. e5 Nfd7 6. Bb5 Qb6 7. dxc5 Bxc5
8. Bxc5 Qxc5 9. Nf3 Nc6 10. Qe2 a6 11. Bxc6 bxc6 12. Qe3 Qb4 13. O-O-O c5
14. a3 Qb6 15. Na4 Qc6 16. Qf4 c4 17. Nc3 Rb8 18. Ng5 O-O 19. Qd4 h6 20. h4
Nc5 21. f4 Qb6 22. Ne2 Na4 23. Qxb6 Rxb6 24. b3 cxb3 25. Rxd5 b2+ 26. Kb1
exd5 27. Nf3 Bg4 28. Rd1 Bxf3 29. gxf3 Rd8 30. c3 Rb3 31. Ka2 Rdb8 32. Rb1
Nxc3+ 33. Nxc3 Rxc3 34. f5 Rxf3 35. e6 fxe6 36. fxe6 Re3 37. e7 Rxe7 38. h5
Rc7 39. a4 Rc1 40. a5 Rxb1 41. Kxb1 d4 42. Kc2 b1=Q+ 43. Kd2 Rb3 44. Ke2
Qa2+ 45. Kd1 Rb1# { White checkmated } 0-1

[Event "ICC tourney 2161 (75 10)"]
[Site "Internet Chess Club"]
[Date "2020.11.27"]
[Round "2"]
[White "atharvamchess"]
[Black "davidtxie"]
[Result "1/2-1/2"]
[ICCResult "White stalemated"]
[WhiteElo "1502"]
[BlackElo "1682"]
[Opening "Queen's pawn, Mason variation"]
[ECO "D00"]
[NIC "QP.08"]
[Time "14:46:21"]
[PlyCount "120"]
[TimeControl "4500+10"]


1. d4 d5 2. Bf4 Bf5 3. e3 Nf6 4. Bd3 Bg6 5. Nf3 e6 6. c3 Bd6 7. Bg3 c5 8.
O-O Bxg3 9. hxg3 Nbd7 10. Re1 O-O 11. Qe2 Bxd3 12. Qxd3 Rc8 13. Nbd2 Qb6
14. Qc2 h6 15. Qb3 Qc7 16. Qc2 Rfe8 17. e4 cxd4 18. Nxd4 e5 19. N4f3 d4 20.
c4 b5 21. b3 Nb6 22. Rac1 bxc4 23. Nxc4 Nxc4 24. Qxc4 Qb7 25. Qd3 Rxc1 26.
Rxc1 Qxe4 27. Qxe4 Nxe4 28. Kf1 d3 29. Ke1 f5 30. Nd2 Nxd2 31. Kxd2 e4 32.
Rc5 g6 33. Rc6 Kf7 34. Rc7+ Re7 35. Rc6 Rb7 36. f3 a5 37. fxe4 fxe4 38. Rc4
Rb4 39. Rc1 a4 40. bxa4 Rxa4 41. Ke3 Rxa2 42. Kxe4 Rxg2 43. Kxd3 Rxg3+ 44.
Ke2 h5 45. Rf1+ Kg7 46. Rh1 Kh6 47. Kf2 Rg4 48. Ra1 h4 49. Rh1 g5 50. Kf3
Rf4+ 51. Kg2 Kh5 52. Ra1 Kg4 53. Ra3 Rb4 54. Ra5 h3+ 55. Kh2 Rb2+ 56. Kg1
Kh4 57. Ra4+ g4 58. Ra3 h2+ 59. Kh1 g3 60. Rxg3 Kxg3 { White stalemated }
1/2-1/2

[Event "ICC tourney 2161 (75 10)"]
[Site "Internet Chess Club"]
[Date "2020.11.27"]
[Round "2"]
[White "Priccchess"]
[Black "mancogu"]
[Result "1/2-1/2"]
[ICCResult "Game drawn by repetition"]
[WhiteElo "1777"]
[BlackElo "1602"]
[Opening "Sicilian: Najdorf, Opocensky variation"]
[ECO "B92"]
[NIC "SI.10"]
[Time "14:46:34"]
[PlyCount "104"]
[TimeControl "4500+10"]


1. e4 c5 2. Nf3 d6 3. d4 cxd4 4. Nxd4 Nf6 5. Nc3 a6 6. Be2 e5 7. Nb3 Be6 8.
O-O Be7 9. Be3 O-O 10. h3 Nc6 11. Qd2 d5 12. exd5 Nxd5 13. Nxd5 Qxd5 14.
Qxd5 Bxd5 15. Rad1 Bxb3 16. axb3 Rfd8 17. Bb6 Rxd1 18. Rxd1 Bd8 19. Be3 Kf8
20. Rd7 Rb8 21. Bc4 Be7 22. Bb6 Ke8 23. Rd3 Bd8 24. Bc5 Be7 25. Bxe7 Kxe7
26. Rc3 Rd8 27. Bxa6 bxa6 28. Rxc6 Rd1+ 29. Kh2 Ra1 30. Rc7+ Ke6 31. Ra7
Ra2 32. f3 a5 33. b4 Rxb2 34. bxa5 Rxc2 35. a6 Ra2 36. Ra8 Kf6 37. a7 g6
38. h4 h5 39. Kh3 Ra3 40. Kh2 Ra2 41. Kg3 Ra3 42. Kf2 Kf5 43. Kg1 Ra2 44.
Kh2 Kf6 45. Kh3 Ra3 46. Kh2 Ra2 47. Kg3 Ra3 48. Kh3 Kf5 49. Kg3 Ra2 50. Kh3
Ra3 51. Kg3 Ra2 52. Kh3 Ra3 { Game drawn by repetition } 1/2-1/2

[Event "ICC tourney 2161 (75 10)"]
[Site "Internet Chess Club"]
[Date "2020.11.27"]
[Round "2"]
[White "michaelpang"]
[Black "Supersky"]
[Result "1-0"]
[ICCResult "Black checkmated"]
[WhiteElo "1574"]
[BlackElo "1312"]
[Opening "Sicilian: Kan, 5.Nc3"]
[ECO "B43"]
[NIC "SI.41"]
[Time "14:46:21"]
[PlyCount "51"]
[TimeControl "4500+10"]


1. e4 c5 2. Nf3 e6 3. d4 cxd4 4. Nxd4 a6 5. Nc3 Qc7 6. Bd3 Nf6 7. O-O b5 8.
a3 Bc5 9. Be3 O-O 10. f4 d6 11. Qe2 Bb7 12. Rad1 Nbd7 13. Rde1 e5 14. Nf5
Rad8 15. Qf3 Rfe8 16. Qg3 g6 17. Rf3 Nh5 18. Qg5 Ndf6 19. g4 Kh8 20. gxh5
gxf5 21. Qxf6+ Kg8 22. Rg3+ Kf8 23. h6 Bxe3+ 24. Rexe3 Re6 25. Rg8+ Kxg8
26. Qg7# { Black checkmated } 1-0

[Event "ICC tourney 2161 (75 10)"]
[Site "Internet Chess Club"]
[Date "2020.11.27"]
[Round "2"]
[White "TigerSahi"]
[Black "jHanna"]
[Result "1-0"]
[ICCResult "Black resigns"]
[WhiteElo "1627"]
[BlackElo "1790"]
[Opening "QGD Slav: Dutch variation"]
[ECO "D18"]
[NIC "SL.04"]
[Time "14:46:44"]
[PlyCount "53"]
[TimeControl "4500+10"]


1. d4 d5 2. c4 c6 3. Nf3 Nf6 4. Nc3 dxc4 5. a4 Bf5 6. e3 e6 7. Bxc4 Bb4 8.
Bd2 O-O 9. O-O Nbd7 10. Re1 c5 11. Qe2 Bxc3 12. Bxc3 Ne4 13. Rad1 Nxc3 14.
bxc3 Nf6 15. Bd3 Ne4 16. Qc2 Qd5 17. c4 Qc6 18. Ne5 Qc7 19. Bxe4 cxd4 20.
exd4 Bxe4 21. Rxe4 Rad8 22. Rh4 h6 23. Rd3 Qa5 24. h3 Qe1+ 25. Kh2 Rxd4 26.
Nf3 Qa5 27. Rhxd4 { Black resigns } 1-0

[Event "ICC tourney 2161 (75 10)"]
[Site "Internet Chess Club"]
[Date "2020.11.27"]
[Round "2"]
[White "sophiaz7"]
[Black "MYMChessWyatt"]
[Result "1-0"]
[ICCResult "Black checkmated"]
[WhiteElo "1462"]
[BlackElo "1215"]
[Opening "Sicilian"]
[ECO "B54"]
[NIC "SI.01"]
[Time "14:46:31"]
[PlyCount "73"]
[TimeControl "4500+10"]


1. e4 c5 2. Nf3 d6 3. d4 cxd4 4. Nxd4 a6 5. Nc3 e6 6. f3 b5 7. Be3 Bb7 8.
Qd2 Nd7 9. Be2 Ngf6 10. g4 b4 11. Nd1 d5 12. exd5 Nxd5 13. Bg5 Be7 14. Bxe7
Qxe7 15. Nf2 O-O 16. O-O-O Rac8 17. Kb1 Nc5 18. h4 Na4 19. g5 Rfd8 20. Ka1
Ndb6 21. Qe1 Nc4 22. Bxc4 Rxc4 23. Qe3 Bd5 24. h5 Nc3 25. bxc3 bxc3 26. Qc1
Qc5 27. Rh4 Rb8 28. g6 Ra4 29. gxf7+ Kh8 30. Nb3 Bxb3 31. Rxa4 Bxa4 32. Qf4
Rf8 33. Nd3 Qa5 34. h6 Bxc2 35. hxg7+ Kxg7 36. Rg1+ Kh8 37. Qf6# { Black
checkmated } 1-0

[Event "ICC tourney 2161 (75 10)"]
[Site "Internet Chess Club"]
[Date "2020.11.27"]
[Round "2"]
[White "Niteshc"]
[Black "beibeiolivia"]
[Result "1-0"]
[ICCResult "Black checkmated"]
[WhiteElo "1630"]
[BlackElo "1455"]
[Opening "Giuoco Piano"]
[ECO "C54"]
[NIC "IG.02"]
[Time "14:46:38"]
[PlyCount "143"]
[TimeControl "4500+10"]


1. e4 e5 2. Nf3 Nc6 3. Bc4 Bc5 4. c3 Nf6 5. d3 d6 6. h3 Be6 7. Bxe6 fxe6 8.
Qb3 Qc8 9. Be3 Bb6 10. O-O O-O 11. Nbd2 Qd7 12. Rfd1 a6 13. Bxb6 cxb6 14.
Nc4 Qe7 15. Nxb6 Rad8 16. Nc4 Nh5 17. d4 b5 18. Ne3 Kh8 19. dxe5 dxe5 20.
Ng4 Rxd1+ 21. Rxd1 Qf7 22. Ng5 Qe7 23. Qxe6 Qxg5 24. Qxc6 Nf4 25. Qd6 Re8
26. Kh2 Ng6 27. Qd7 Rf8 28. Rd3 h5 29. Ne3 Qf4+ 30. Kh1 Qxf2 31. Nf5 Qf1+
32. Kh2 Rg8 33. Rf3 Qe2 34. Rg3 Nf8 35. Qf7 Qxe4 36. Ne7 Qh7 37. Qxg8+ Qxg8
38. Nxg8 Kxg8 39. Rg5 Nd7 40. Rxh5 Kf7 41. Rg5 Kf6 42. Rg3 g6 43. Rd3 Ke6
44. Rxd7 Kxd7 45. Kg3 Ke6 46. Kf3 Kd5 47. Ke3 e4 48. g4 g5 49. b3 a5 50. a4
bxa4 51. bxa4 Kc4 52. Kxe4 Kxc3 53. Kf5 Kb4 54. Kxg5 Kxa4 55. h4 Kb4 56. h5
a4 57. h6 a3 58. h7 Kb3 59. h8=Q Ka2 60. Kf5 Kb1 61. g5 a2 62. Qh1+ Kb2 63.
g6 a1=Q 64. Qxa1+ Kxa1 65. g7 Kb2 66. g8=Q Kc3 67. Ke4 Kc2 68. Qc4+ Kb2 69.
Kd3 Kb1 70. Qb4+ Ka1 71. Kc2 Ka2 72. Qa5# { Black checkmated } 1-0

[Event "ICC tourney 2161 (75 10)"]
[Site "Internet Chess Club"]
[Date "2020.11.27"]
[Round "2"]
[White "Yamato1945"]
[Black "attalone"]
[Result "0-1"]
[ICCResult "White resigns"]
[WhiteElo "1434"]
[BlackElo "1700"]
[Opening "QGD: exchange, positional line"]
[ECO "D35"]
[NIC "QO.16"]
[Time "14:46:34"]
[PlyCount "59"]
[TimeControl "4500+10"]


1. d4 e6 2. c4 d5 3. Nc3 Nf6 4. cxd5 exd5 5. Bg5 Be7 6. Nf3 O-O 7. e3 c6 8.
Bd3 Be6 9. O-O Nbd7 10. Qe2 Rc8 11. e4 Ne8 12. exd5 cxd5 13. Bxe7 Qxe7 14.
Nxd5 Qd6 15. Nc3 Ndf6 16. Rfe1 Bg4 17. Ne4 Qb6 18. Nxf6+ Nxf6 19. Rad1 Rcd8
20. Qe3 Bxf3 21. gxf3 Rfe8 22. Be4 Qb4 23. Qc3 Qb6 24. Rd3 Qb5 25. Qd2 b6
26. Qc1 Rxe4 27. fxe4 Qxd3 28. Rd1 Qxe4 29. Qc7 Re8 30. Qg3 { White resigns
} 0-1

[Event "ICC tourney 2161 (75 10)"]
[Site "Internet Chess Club"]
[Date "2020.11.27"]
[Round "2"]
[White "SunnyCountry"]
[Black "jason54312"]
[Result "0-1"]
[ICCResult "White resigns"]
[WhiteElo "1313"]
[BlackElo "1551"]
[Opening "Giuoco Piano"]
[ECO "C54"]
[NIC "IG.02"]
[Time "14:46:45"]
[PlyCount "126"]
[TimeControl "4500+10"]


1. e4 e5 2. Nf3 Nc6 3. Bc4 Bc5 4. c3 Nf6 5. d3 d6 6. a4 a5 7. Nbd2 Be6 8.
h3 O-O 9. O-O Re8 10. Re1 d5 11. exd5 Bxd5 12. Bxd5 Qxd5 13. Ne4 Nxe4 14.
dxe4 Qe6 15. Qe2 Bb6 16. Be3 Nb8 17. Qb5 Nd7 18. Rad1 c6 19. Qd3 Nc5 20.
Bxc5 Bxc5 21. Qc2 Red8 22. b3 b5 23. axb5 cxb5 24. Re2 Qe7 25. Red2 Rxd2
26. Rxd2 f6 27. Qd3 Qb7 28. Nh4 a4 29. bxa4 bxa4 30. Nf5 a3 31. Ra2 Qb3 32.
Qd2 Qb1+ 33. Kh2 Qxe4 34. Ng3 Qc4 35. f3 Rb8 36. Rc2 Be7 37. Ne4 Rd8 38.
Qf2 Ra8 39. Ra2 f5 40. Ng3 Qxc3 41. Nxf5 Bf6 42. Qe2 g6 43. Nh6+ Kg7 44.
Ng4 Be7 45. Qxe5+ Qxe5+ 46. Nxe5 Bd6 47. f4 Bxe5 48. fxe5 Kf7 49. Kg3 Ke6
50. Kf4 Ra4+ 51. Ke3 Kxe5 52. Kf3 Kd4 53. Ke2 Kc3 54. Kd1 Kb3 55. Ra1 Kb2
56. Rc1 Rd4+ 57. Ke2 Kxc1 58. Ke3 Rd7 59. g4 a2 60. h4 a1=Q 61. h5 Qe5+ 62.
Kf3 Rd3+ 63. Kg2 Qe2+ { White resigns } 0-1

[Event "ICC tourney 2161 (75 10)"]
[Site "Internet Chess Club"]
[Date "2020.11.27"]
[Round "2"]
[White "mrerikchin"]
[Black "castle2king"]
[Result "0-1"]
[ICCResult "White resigns"]
[WhiteElo "1636"]
[BlackElo "1561"]
[Opening "English opening"]
[ECO "A16"]
[NIC "EO.64"]
[Time "14:46:43"]
[PlyCount "50"]
[TimeControl "4500+10"]


1. c4 Nf6 2. Nc3 g6 3. g3 Bg7 4. Bg2 O-O 5. e4 e5 6. Nge2 Nc6 7. d3 d6 8.
O-O Nd7 9. f4 f5 10. exf5 gxf5 11. fxe5 dxe5 12. Be3 Nf6 13. Qd2 Ng4 14.
Bg5 Qd6 15. Bd5+ Kh8 16. h3 Nf6 17. Rad1 f4 18. gxf4 Bxh3 19. fxe5 Nxe5 20.
Bg2 Bxg2 21. Kxg2 Qc6+ 22. Kh3 Qe6+ 23. Kh2 Qg4 24. Qf4 Qh5+ 25. Kg1 Nfg4 {
White resigns } 0-1

[Event "ICC tourney 2161 (75 10)"]
[Site "Internet Chess Club"]
[Date "2020.11.27"]
[Round "2"]
[White "Liopleuradon15"]
[Black "ajedrez7"]
[Result "1/2-1/2"]
[ICCResult "Game drawn because neither player has mating material"]
[WhiteElo "1474"]
[BlackElo "1633"]
[Opening "Réti opening"]
[ECO "A04"]
[NIC "EO.35"]
[Time "14:46:44"]
[PlyCount "156"]
[TimeControl "4500+10"]


1. Nf3 c5 2. d4 cxd4 3. Nxd4 Nc6 4. c4 g6 5. Nc3 Bg7 6. e3 Nf6 7. Be2 d6 8.
O-O O-O 9. f3 Bd7 10. Rb1 Rc8 11. b3 a6 12. Nxc6 Bxc6 13. e4 Qc7 14. Nd5
Bxd5 15. cxd5 Qc2 16. Qxc2 Rxc2 17. Rb2 Rfc8 18. Bc4 Rxb2 19. Bxb2 Nd7 20.
Rb1 Ne5 21. Bxe5 Bxe5 22. Kf2 b5 23. Bd3 Kf8 24. h3 Ke8 25. Ke3 Kd7 26. f4
Bg7 27. g4 Rc3 28. Kd2 Rc7 29. h4 Bf6 30. Rh1 Rc8 31. g5 Bd4 32. f5 Be5 33.
Rf1 f6 34. fxg6 hxg6 35. gxf6 Bxf6 36. Be2 Rh8 37. Bg4+ Kc7 38. Rc1+ Kb6
39. Rh1 Rxh4 40. Rxh4 Bxh4 41. Kd3 Kc5 42. a3 Bf6 43. a4 Kb4 44. axb5 axb5
45. Bd7 Be5 46. Ke3 g5 47. Kf3 Kc5 48. Kg4 Bf6 49. Kf3 b4 50. Ke3 Bd4+ 51.
Kd3 Be5 52. Ke3 Kb6 53. Kf3 Kc7 54. Bc6 Bf6 55. Kg4 e5 56. Kf5 Bd8 57. Kg4
Kb6 58. Kf3 Kc5 59. Bd7 Kd4 60. Bb5 g4+ 61. Kxg4 Kxe4 62. Bc4 Kd4 63. Kf5
e4 64. Ke6 Bc7 65. Kd7 Bb8 66. Kc6 Ba7 67. Kxd6 Bc5+ 68. Kc6 e3 69. Kb5 Bf8
70. Kc6 Kc3 71. d6 Kd2 72. d7 Be7 73. Kb5 e2 74. Bxe2 Kxe2 75. d8=Q Bxd8
76. Kxb4 Bh4 77. Kc4 Be1 78. b4 Bxb4 { Game drawn because neither player
has mating material } 1/2-1/2

[Event "ICC tourney 2161 (75 10)"]
[Site "Internet Chess Club"]
[Date "2020.11.27"]
[Round "2"]
[White "bombsquad"]
[Black "mutantpenguin"]
[Result "1-0"]
[ICCResult "Black checkmated"]
[WhiteElo "1682"]
[BlackElo "1348"]
[Opening "French: advance, Paulsen attack"]
[ECO "C02"]
[NIC "FR.03"]
[Time "14:46:24"]
[PlyCount "137"]
[TimeControl "4500+10"]


1. e4 e6 2. d4 d5 3. e5 c5 4. c3 Nc6 5. Nf3 Qb6 6. Be2 cxd4 7. cxd4 Nge7 8.
Nc3 Nf5 9. Na4 Qc7 10. O-O Be7 11. Kh1 O-O 12. g4 Nh4 13. Bg5 Bxg5 14. Nxg5
h6 15. Nf3 Nxf3 16. Bxf3 Qe7 17. Qd2 f6 18. exf6 Qxf6 19. Bg2 Qxd4 20. Qxd4
Nxd4 21. Rad1 Nc6 22. Nc3 Bd7 23. Ne4 Rad8 24. Nc5 b6 25. Nxd7 Rxd7 26.
Rfe1 Re8 27. Rxd5 exd5 28. Rxe8+ Kf7 29. Re1 Nb4 30. Rd1 d4 31. a3 Na6 32.
f4 Nc5 33. b4 Ne6 34. f5 Nf4 35. Be4 d3 36. Kg1 Ne2+ 37. Kf1 Nf4 38. Kf2
Nh3+ 39. Ke3 Re7 40. Rxd3 Ng5 41. Rd4 Kf6 42. h4 Nxe4 43. Rxe4 Rc7 44. Kf4
Rc3 45. g5+ hxg5+ 46. hxg5+ Kf7 47. g6+ Kf8 48. a4 Ra3 49. b5 Rh3 50. Kg4
Ra3 51. Rc4 Re3 52. Rc8+ Ke7 53. Kf4 Ra3 54. Rc7+ Kf8 55. Rxa7 Rd3 56. a5
bxa5 57. b6 a4 58. b7 Rd4+ 59. Ke5 Rb4 60. Ra8+ Ke7 61. b8=Q Rxb8 62. Rxb8
a3 63. Ra8 a2 64. Rxa2 Kd7 65. Ra7+ Ke8 66. Rxg7 Kf8 67. Ra7 Kg8 68. f6 Kf8
69. Ra8# { Black checkmated } 1-0

[Event "ICC tourney 2161 (75 10)"]
[Site "Internet Chess Club"]
[Date "2020.11.27"]
[Round "2"]
[White "yogokings12"]
[Black "MacAndSneeze"]
[Result "0-1"]
[ICCResult "White resigns"]
[WhiteElo "1669"]
[BlackElo "1561"]
[Opening "Sicilian: Najdorf, Poisoned pawn variation"]
[ECO "B97"]
[NIC "SI.08"]
[Time "14:46:45"]
[PlyCount "76"]
[TimeControl "4500+10"]


1. e4 c5 2. Nf3 d6 3. d4 cxd4 4. Nxd4 Nf6 5. Nc3 a6 6. Bg5 e6 7. f4 Qb6 8.
Qd2 Qxb2 9. Rb1 Qa3 10. e5 dxe5 11. fxe5 h6 12. Bh4 g5 13. Bg3 Nh5 14. Bf2
Bg7 15. Nb3 Nd7 16. Bb5 axb5 17. Nxb5 Qxa2 18. O-O Bxe5 19. Bd4 Qa4 20.
Bxe5 Nxe5 21. Nc7+ Ke7 22. Nxa8 Qxa8 23. Qb4+ Ke8 24. Qd4 Qb8 25. Rbd1 Qc7
26. Rfe1 Ng6 27. Nc5 Ke7 28. Ne4 f5 29. g4 fxg4 30. Ng3 Nf6 31. Rf1 Nf4 32.
Qb4+ Kf7 33. Qd6 Qxd6 34. Rxd6 Bd7 35. Rfd1 Ke7 36. Ne4 Nh3+ 37. Kf1 Bb5+
38. Ke1 Nxe4 { White resigns } 0-1